 Dungeon Crawl Stone Soup version 0.31-a0-210-gccc998df9b (webtiles) character file.

Game seed: 17637312780764679111

2107 qw the Skirmisher (level 9, -2/79 HPs)
             Began as a Minotaur Hexslinger on June 30, 2023.
             Was a Follower of Okawaru.
             Succumbed to a killer bee's poison
             ... on level 7 of the Dungeon.
             The game lasted 00:02:09 (5626 turns).

qw the Skirmisher (Minotaur Hexslinger)             Turns: 5626, Time: 00:02:10

Health: -2/79      AC:  6    Str: 12    XL:     9   Next: 7%
Magic:  7/9        EV: 17    Int:  7    God:    Okawaru [*.....]
Gold:   410        SH:  0    Dex: 18    Spells: 9/10 levels left

rFire   + + +        Y - +0 shortbow
rCold   + . .        (shield currently unavailable)
rNeg    . . .        k - +1 leather armour of the Teacher {rElec rF++ Int-3}
rPois   .            (helmet restricted)
rElec   +            (no cloak)
rCorr   .            d - +0 pair of gloves
SInv    .            (no boots)
Will    .....        (no amulet)
Stlth   +++          f - ring of protection from cold
HPRegen 0.33/turn    b - ring of protection from fire
MPRegen 0.11/turn

%: no passive effects
@: lethally poisoned (-2 -> -35), heroic
A: horns 2, retaliatory headbutt
a: Renounce Religion, Heroism


You were on level 7 of the Dungeon.
You worshipped Okawaru.
Okawaru was aware of your devotion.
You visited 2 branches of the dungeon, and saw 8 of its levels.

You collected 440 gold pieces.
You spent 30 gold pieces at shops.


Innate Abilities, Weirdness & Mutations

You have a pair of horns on your head.
You reflexively headbutt those who attack you in melee.


   Skills:
 - Level 7.0(12.0) Fighting
 + Level 10.4(15.4) Ranged Weapons
 - Level 3.0(8.0) Armour
 - Level 4.1(9.1) Dodging
 - Level 1.0 Spellcasting
 - Level 2.0 Hexes
 + Level 1.7 Invocations


You had 9 spell levels left.
You knew the following spells:

 Your Spells              Type           Power      Damage    Failure   Level
a - Slow                  Hex            12%        N/A       22%         1

Your spell library contained the following spells:

 Spells                   Type           Power      Damage    Failure   Level
 Inner Flame              Hex/Fire       1%         N/A       71%         3
 Portal Projectile        Hex/Tloc       2%         N/A       71%         3
 Cause Fear               Hex            1%         N/A       92%         4

Inventory:

Hand Weapons
 Y - a +0 shortbow (weapon)
Armour
 d - a +0 pair of gloves (worn)
 k - the +1 leather armour of the Teacher (worn) {rElec rF++ Int-3}
   (You found it on level 7 of the Dungeon)

   Int:       It affects your intelligence (-3).
   rF:        It greatly protects you from fire.
   rElec:     It insulates you from electricity.
Jewellery
 b - a ring of protection from fire (right hand)
 f - a ring of protection from cold (left hand)
 h - a +4 ring of slaying {mikee}
 j - a ring of fire
Scrolls
 c - a scroll of identify
Potions
 a - a potion of haste
 e - 4 potions of curing
 g - a potion of might
 l - 2 potions of lignification {unknown}
 m - a potion of heal wounds {unknown}

Dungeon Overview and Level Annotations

Branches:
Dungeon (7/15)             Temple (1/1) D:7

Altars:
Ashenzari
Dithmenos
Elyvilon
Fedhas
Gozag
Hepliaklqana
Kikubaaqudgha
Makhleb
Okawaru
Qazlal
Ru
Sif Muna
Trog
Uskayaw
Vehumet
Wu Jian
Yredelemnul
Zin
The Shining One

Shops:
D:2 !   D:7 :


Message History

The killer bee closely misses you. You furiously retaliate!
You headbutt the killer bee, but do no damage.
The killer bee barely misses you. The killer bee stings you.
You are more poisoned.
The killer bee poisons you!
The killer bee stings you but does no damage.
You shoot an arrow. The arrow misses the killer bee.
You feel very sick.
The killer bee stings you but does no damage.
The killer bee stings you.
You are lethally poisoned!
The killer bee poisons you!
The killer bee stings you but does no damage.
The killer bee barely misses you.
The killer bee stings you but does no damage.
The killer bee stings you! The killer bee misses you.
The killer bee barely misses you. You furiously retaliate!
You headbutt the killer bee. You shoot an arrow. The arrow hits the killer bee!
The killer bee is almost dead.
You feel very sick. The killer bee completely misses you.
The killer bee stings you!
You are more poisoned.
The killer bee poisons you! The killer bee misses you. x2
You shoot an arrow. The arrow misses the killer bee.
You feel extremely sick. The killer bee closely misses you.
The killer bee stings you. The killer bee misses you.
The killer bee closely misses you. You furiously retaliate!
You headbutt the killer bee.
A shadow imp comes into view.
The killer bee stings you but does no damage.
The killer bee completely misses you. You furiously retaliate!
You headbutt the killer bee.
You kill the killer bee!
Okawaru accepts your kill. The killer bee barely misses you.
The killer bee stings you but does no damage.
You shoot an arrow. The arrow hits the killer bee.
The killer bee is severely wounded.
You die...

#.####.#.......#....#......
#....#...).....#....+......
##....##............#.....<
###.##...###.........#......
#}...}##.###.........#......
#.....##...+................
#..(..##.###.....#+##.......
#.....##...y.....# #.......
#.....##.##@y....# #.......
#.....##..y%.....# #.......
#~~~~~##.........#....####.#
#~~8~~###.#......#..### #.#
#........... #.# ###......#5
#.# #......# #.# #.#.#...
... #..


You could see 3 killer bees and a shadow imp.

Vanquished Creatures
  A wyvern (D:7)
  Eustachio (D:5)
  Menkaure (D:4)
  A water moccasin (D:6)
  2 ice beasts
  A black bear (D:5)
  An ogre (D:4)
  A centaur (D:7)
  A phantom (D:5)
  2 scorpions
  4 wights (D:7)
  3 killer bees (D:7)
  A jelly (D:5)
  10 hounds
  3 orc priests (D:5)
  Jessica (D:2)
  A sleepcap (D:6)
  An orc wizard (D:5)
  An iguana (D:5)
  2 adders
  A shadow imp (D:6)
  A white imp (D:6)
  A worm zombie (D:4)
  A dart slug (D:4)
  9 orcs
  9 ball pythons
  4 bats
  8 endoplasms
  10 goblins
  6 hobgoblins
  2 quokkas
  3 frilled lizards
  5 kobolds
  4 rats
103 creatures vanquished.

Notes
Turn   | Place    | Note
-------+----------+-------------------------------------------
     0 | D:1      | qw the Minotaur Hexslinger began the quest for the Orb.
     0 | D:1      | Reached XP level 1. HP: 16/16 MP: 1/1
     0 | D:1      | 0 ||| qw: Version: 0.3-a-24-ga2abf7b
     0 | D:1      | 0 ||| qw: Game counter: 7127
     0 | D:1      | 0 ||| qw: Melee chars always use a shield: true
     0 | D:1      | 0 ||| qw: God list: Okawaru
     0 | D:1      | 0 ||| qw: Allow faded altars: false
     0 | D:1      | 0 ||| qw: Do Orc after clearing Dungeon:15 true
     0 | D:1      | 0 ||| qw: Do second Lair branch before Depths: true
     0 | D:1      | 0 ||| qw: Lair rune preference: random
     0 | D:1      | 0 ||| qw: Goals: Normal
     0 | D:1      | 0 ||| PLANNING D:1-11
   150 | D:1      | Reached skill level 3 in Ranged Weapons
   150 | D:1      | Reached XP level 2. HP: 23/23 MP: 2/2
   456 | D:1      | 456 ||| UPGRADING to +0 pair of gloves.
   461 | D:1      | 461 ||| UPGRADING to +0 ring mail.
   471 | D:1      | 471 ||| DROPPING +0 robe.
   472 | D:1      | 472 ||| READING scroll labelled UCOZXY IDUF.
   473 | D:1      | 473 ||| READING scroll labelled CAROOC SEMNY.
   474 | D:1      | 474 ||| DROPPING scroll of poison.
   559 | D:2      | Noticed Jessica
   618 | D:2      | Killed Jessica
   619 | D:2      | Reached skill level 4 in Ranged Weapons
   619 | D:2      | Reached XP level 3. HP: 29/29 MP: 3/3
   751 | D:2      | Found Equrch's Distillery.
   753 | D:2      | 753 ||| UPGRADING to ring of protection from cold.
   754 | D:2      | 754 ||| READING scroll labelled QIR ROTOMUHYB.
   764 | D:2      | 764 ||| SHOPLISTING 2 potions of enlightenment (100 gold,
                  | have 50).
   764 | D:2      | 764 ||| SHOPLISTING potion of cancellation (80 gold, have
                  | 50).
   764 | D:2      | 764 ||| BUYING potion of curing (30 gold).
   764 | D:2      | Bought a potion of curing for 30 gold pieces
   764 | D:2      | 764 ||| SHOPLISTING potion of enlightenment (50 gold, have
                  | 20).
   764 | D:2      | 764 ||| SHOPLISTING potion of might (40 gold, have 20).
   878 | D:2      | Reached skill level 1 in Armour
  1085 | D:2      | 1085 ||| READING scroll labelled COQAFO VYOCRI.
  1086 | D:2      | 1086 ||| READING scroll labelled VESTYADWA UNID.
  1087 | D:2      | 1087 ||| READING 2 scrolls of identify.
  1087 | D:2      | 1087 ||| IDENTIFYING purple potion
  1088 | D:2      | 1088 ||| DROPPING potion of degeneration.
  1286 | D:3      | Reached XP level 4. HP: 34/36 MP: 4/4
  1586 | D:3      | Found a bloodstained altar of Trog.
  1586 | D:3      | Found a burning altar of Makhleb.
  1900 | D:4      | 1900 ||| PLANNING OSSUARY
  1942 | D:4      | Reached skill level 5 in Ranged Weapons
  1943 | D:4      | 1943 ||| FLEEEEING.
  1944 | D:4      | 1944 ||| FLEEEEING.
  2201 | D:4      | Noticed a scorpion
  2208 | D:4      | Killed a scorpion
  2209 | D:4      | Reached skill level 3 in Fighting
  2209 | D:4      | Reached XP level 5. HP: 46/46 MP: 5/5
  2279 | D:4      | 2279 ||| FLEEEEING.
  2280 | D:4      | 2280 ||| FLEEEEING.
  2366 | D:4      | Noticed an ogre
  2372 | D:4      | Killed an ogre
  2373 | D:4      | Reached skill level 6 in Ranged Weapons
  2373 | D:4      | Reached XP level 6. HP: 22/52 MP: 6/6
  2535 | D:4      | 2535 ||| RIP OSSUARY
  2578 | D:4      | 2578 ||| PLANNING D:1-11
  2772 | D:4      | Found a shimmering blue altar of Sif Muna.
  2884 | D:4      | Noticed Menkaure
  2888 | D:4      | Killed Menkaure
  3082 | D:4      | 3082 ||| UPGRADING to ring of protection from fire.
  3083 | D:4      | 3083 ||| READING 3 scrolls of identify.
  3083 | D:4      | 3083 ||| IDENTIFYING murky yellow potion
  3084 | D:4      | 3084 ||| READING 2 scrolls of identify.
  3084 | D:4      | 3084 ||| IDENTIFYING smoky black potion
  3133 | D:5      | Entered Level 5 of the Dungeon
  3271 | D:5      | 3271 ||| Stepping ~*~*~tactically~*~*~ (outnumbered).
  3273 | D:5      | 3273 ||| Stepping ~*~*~tactically~*~*~ (outnumbered).
  3282 | D:5      | Reached XP level 7. HP: 36/61 MP: 7/7
  3284 | D:5      | Reached skill level 7 in Ranged Weapons
  3518 | D:5      | 3518 ||| SWAPPING to +0 shortbow.
  3519 | D:5      | 3519 ||| DROPPING +1 heavy sling.
  3532 | D:5      | Reached skill level 8 in Ranged Weapons
  3770 | D:5      | Reached skill level 3 in Armour
  4040 | D:5      | 4040 ||| READING scroll labelled CAFABB PAGEL.
  4041 | D:5      | 4041 ||| READING 2 scrolls of identify.
  4041 | D:5      | 4041 ||| IDENTIFYING glowing yellow potion
  4042 | D:5      | 4042 ||| DROPPING potion of invisibility.
  4071 | D:6      | Noticed Eustachio
  4074 | D:6      | Reached XP level 8. HP: 68/68 MP: 8/8
  4087 | D:6      | 4087 ||| FLEEEEING.
  4088 | D:6      | 4088 ||| FLEEEEING.
  4090 | D:6      | 4090 ||| FLEEEEING.
  4091 | D:6      | 4091 ||| STAIRDANCE
  4134 | D:6      | 4134 ||| STAIRDANCE
  4156 | D:5      | Killed Eustachio
  4157 | D:5      | Reached skill level 9 in Ranged Weapons
  4378 | D:6      | Reached skill level 3 in Dodging
  4589 | D:6      | Reached skill level 6 in Fighting
  4798 | D:6      | 4798 ||| READING scroll labelled TIAJYMP JAKK.
  4803 | D:6      | 4803 ||| READING scroll labelled BODDEO TAUTS.
  4804 | D:6      | 4804 ||| DRINKING 2 viscous grey potions.
  4805 | D:6      | 4805 ||| DRINKING 5 potions of curing.
  4805 | D:6      | 4805 ||| (to cure confusion)
  4806 | D:6      | 4806 ||| READING 2 scrolls of identify.
  4806 | D:6      | 4806 ||| IDENTIFYING glowing purple potion
  4807 | D:6      | 4807 ||| DROPPING potion of attraction.
  4808 | D:6      | 4808 ||| DROPPING potion of ambrosia.
  4837 | D:7      | Found a staircase to the Ecumenical Temple.
  4838 | D:7      | 4838 ||| PLANNING TEMPLE
  4842 | Temple   | Entered the Ecumenical Temple
  4843 | Temple   | 4843 ||| PLANNING OKAWARU WORSHIP
  4939 | Temple   | Became a worshipper of Warmaster Okawaru
  4940 | Temple   | 4940 ||| PLANNING D:1-11
  5020 | D:7      | Identified the +1 leather armour of the Teacher {rElec rF++
                  | Int-3}
  5025 | D:7      | Found Ticalatu's Self-Improvement Boutique.
  5127 | D:7      | Reached skill level 10 in Ranged Weapons
  5229 | D:7      | Noticed an ice statue
  5244 | D:7      | 5244 ||| FLEEEEING.
  5245 | D:7      | 5245 ||| FLEEEEING.
  5255 | D:7      | 5255 ||| FLEEEEING.
  5256 | D:7      | 5256 ||| FLEEEEING.
  5257 | D:7      | 5257 ||| FLEEEEING.
  5258 | D:7      | 5258 ||| FLEEEEING.
  5259 | D:7      | 5259 ||| FLEEEEING.
  5260 | D:7      | 5260 ||| FLEEEEING.
  5261 | D:7      | 5261 ||| FLEEEEING.
  5262 | D:7      | 5262 ||| FLEEEEING.
  5263 | D:7      | 5263 ||| FLEEEEING.
  5264 | D:7      | 5264 ||| FLEEEEING.
  5265 | D:7      | 5265 ||| FLEEEEING.
  5266 | D:7      | 5266 ||| FLEEEEING.
  5267 | D:7      | 5267 ||| FLEEEEING.
  5268 | D:7      | 5268 ||| FLEEEEING.
  5269 | D:7      | 5269 ||| FLEEEEING.
  5270 | D:7      | 5270 ||| FLEEEEING.
  5271 | D:7      | 5271 ||| FLEEEEING.
  5272 | D:7      | 5272 ||| FLEEEEING.
  5273 | D:7      | 5273 ||| FLEEEEING.
  5274 | D:7      | 5274 ||| FLEEEEING.
  5415 | D:7      | 5415 ||| UPGRADING to +1 leather armour of the Teacher
                  | {rElec rF++ Int-3}.
  5425 | D:7      | 5425 ||| DROPPING +0 ring mail.
  5509 | D:7      | Reached * piety under Okawaru
  5552 | D:7      | Reached skill level 1 in Invocations
  5552 | D:7      | Reached XP level 9. HP: 70/79 MP: 9/9
  5622 | D:7      | 5622 ||| INVOKING Heroism.
  5624 | D:7      | HP: 19/79 [poisoned by a killer bee]
  5625 | D:7      | HP: 5/79 [poisoned by a killer bee]
  5626 | D:7      | Succumbed to a killer bee's poison

Levels and vault maps discovered:
D:1:      amcnicky_arrival_flooded_fountain, layout_rooms,
          corexii_leaking_fountain
D:2:      layout_loops_ring, serial_shops, nicolae_square_shop, uniq_jessica
D:3:      layout_loops_corners, nicolae_overflow_two_pavilions,
          wad_rectangle_vault
D:4:      layout_basic, kennysheep_mini_moat, enter_ossuary_3, uniq_menkaure
D:5:      nicolae_cairo_tiling_very_big, layout_basic
D:6:      layout_rooms, uniq_eustachio
D:7:      lemuel_ice_statue, layout_basic, temple_statues,
          nicolae_shop_self_help
Temple:   lightli_temple_of_artemis

Skill      XL: |  1  2  3  4  5  6  7  8 |
---------------+-------------------------+-----
Ranged Weapons | 3 4 5 6 8 10 | 10.4
Fighting       | 2 3 5 7 |  7.0
Armour         | 1 3 |  3.0
Dodging        | 4 |  4.1
Invocations    | 1 |  1.7
Spellcasting   | |  1.0
Hexes          | |  2.0

Action                     |  1- 3 |  4- 6 |  7- 9 || total
---------------------------+-------+-------+-------++-------
   Fire: Sling             |    84 |    97 |    22 ||   203
         Shortbow          |       |       |   263 ||   263
 Invoke: Heroism           |       |       |     1 ||     1
    Use: Scroll            |     6 |     2 |     5 ||    13
         Potion            |       |       |     2 ||     2
 Armour: Robe              |     5 |       |       ||     5
         Ring mail         |     2 |    36 |    68 ||   106
         Leather armour    |       |       |    11 ||    11
  Dodge: Dodged            |    15 |    60 |   154 ||   229

Table legend:
 A = Non-vault XP
 B = Vault XP
 C = Vault XP percentage of total XP
 D = Non-vault monster count
 E = Vault monster count
 F = Vault count percentage of total count
                 A         B        C        D         E       F
            +---------+---------+-------+---------+---------+-------
      Total |    2572 |     439 |  14.6 |      93 |      10 |   9.7
            +---------+---------+-------+---------+---------+-------
        D:1 |      35 |       0 |   0.0 |      21 |       0 |   0.0
        D:2 |      18 |      37 |  67.3 |      11 |       1 |   8.3
        D:3 |       9 |      22 |  71.0 |       5 |       6 |  54.5
        D:4 |     331 |     178 |  35.0 |      18 |       2 |  10.0
        D:5 |     789 |     202 |  20.4 |      18 |       1 |   5.3
        D:6 |     380 |       0 |   0.0 |       9 |       0 |   0.0
        D:7 |    1010 |       0 |   0.0 |      11 |       0 |   0.0
            +---------+---------+-------+---------+---------+-------
